[Event "GambitGuide"]
[Site "Internet Chess Club"]
[Date "2014.10.31"]
[Round "1"]
[White "JSBach"]
[Black "tazmanfox66"]
[Result "1-0"]
[ICCResult "Black checkmated"]
[WhiteElo "1775"]
[BlackElo "1524"]
[Opening "Vienna: `Frankenstein-Dracula' variation"]
[ECO "C27"]
[NIC "VG.02"]
[Time "18:24:27"]
[TimeControl "120+12"]

1. e4 e5 2. Nc3 Nf6 3. Bc4 Nxe4 4. Qh5 Nd6 5. Bb3 Nc6 6. Nb5 g6 7. Qf3 f5 8.
Qd5 Qe7 9. Nxc7+ Kd8 10. Nxa8 b6 11. d3 Bb7 12. Nxb6 axb6 13. Qf3 Bg7 14.
Be3 e4 15. Bxb6+ Kc8 16. Qe3 exd3 17. cxd3 Qxe3+ 18. fxe3 Bxb2 19. Rb1 Bc3+
20. Kf2 Rf8 21. Ne2 Bg7 22. Rhc1 Kb8 23. Bc5 Rf6 24. Kg1 Nb5 25. Bd5 Kc7 26.
a4 Nba7 27. Be7 Rd6 28. Rxb7+ Kxb7 29. Bxd6 g5 30. Rb1+ Kc8 31. Ng3 f4 32.
exf4 gxf4 33. Ne2 Bh6 34. Rf1 Kb7 35. Nxf4 Kb6 36. Rb1+ Ka5 37. Bxc6 Nxc6
38. Rb7 Kxa4 39. Nd5 Nd4 40. Rb4+ Ka3 41. Rb5+ Ka4 42. Nc3# {Black
checkmated} 1-0

[Event "GambitGuide"]
[Site "Internet Chess Club"]
[Date "2014.10.31"]
[Round "1"]
[White "JSBach"]
[Black "Drunxican"]
[Result "1-0"]
[ICCResult "Black resigns"]
[WhiteElo "1775"]
[BlackElo "1518"]
[Opening "Vienna: `Frankenstein-Dracula' variation"]
[ECO "C27"]
[NIC "VG.02"]
[Time "18:24:55"]
[TimeControl "120+12"]

1. e4 e5 2. Nc3 Nf6 3. Bc4 Nxe4 4. Qh5 Nd6 5. Bb3 Nc6 6. Nb5 g6 7. Qf3 f5 8.
Qd5 Qe7 9. Nxc7+ Kd8 10. Nxa8 b6 11. d3 Bb7 12. Nxb6 axb6 13. Qf3 Nd4 14.
Qg3 Bg7 15. Bg5 Bf6 16. Bxf6 Qxf6 17. Ba4 b5 18. Bb3 Re8 19. c3 f4 20. Qh3
Nxb3 21. axb3 e4 22. d4 e3 23. Nf3 g5 24. O-O Qg6 25. Ne5 Qg7 26. fxe3
{Black resigns}
1-0

[Event "GambitGuide"]
[Site "Internet Chess Club"]
[Date "2014.10.31"]
[Round "1"]
[White "JSBach"]
[Black "pasofino"]
[Result "1-0"]
[ICCResult "Black resigns"]
[WhiteElo "1791"]
[BlackElo "1713"]
[Opening "Vienna: `Frankenstein-Dracula' variation"]
[ECO "C27"]
[NIC "VG.02"]
[Time "18:23:54"]
[TimeControl "120+12"]

1. e4 e5 2. Nc3 Nf6 3. Bc4 Nxe4 4. Qh5 Nd6 5. Bb3 Nc6 6. Nb5 g6 7. Qf3 f5 8.
Qd5 Qe7 9. Nxc7+ Kd8 10. Nxa8 b6 11. d3 Bb7 12. Nxb6 axb6 13. Qf3 Nd4 14.
Qh3 e4 15. Be3 exd3 16. O-O-O Nxb3+ 17. cxb3 Nc8 18. Rxd3 Bg7 19. Ne2 Be4
20. Rd2 Kc7 21. Rhd1 Rd8 22. f3 Bc6 23. Bf4+ Kb7 24. Rc2 d5 25. Rdd2 d4 26.
Qxh7 d3 27. Qxg6 dxc2 28. Rxd8 Bxb2+ 29. Kxb2 Qxe2 30. Rxc8 c1=Q+ 31. Kxc1
Qe1+ 32. Kb2 Qf2+ 33. Kb1 Qe1+ 34. Bc1 Be4+ 35. fxe4 Qxe4+ 36. Rc2
{Black resigns}
1-0

[Event "GambitGuide"]
[Site "Internet Chess Club"]
[Date "2014.10.31"]
[Round "1"]
[White "JSBach"]
[Black "nsideurheadbro"]
[Result "0-1"]
[ICCResult "White checkmated"]
[WhiteElo "1791"]
[BlackElo "1184"]
[Opening "Vienna: `Frankenstein-Dracula' variation"]
[ECO "C27"]
[NIC "VG.02"]
[Time "18:25:24"]
[TimeControl "120+12"]

1. e4 e5 2. Nc3 Nf6 3. Bc4 Nxe4 4. Qh5 Nd6 5. Bb3 Nc6 6. Nb5 g6 7. Qf3 f5 8.
Qd5 Qe7 9. Nxc7+ Kd8 10. Nxa8 b6 11. d3 Bb7 12. Nxb6 axb6 13. Qf3 Nd4 14.
Qg3 f4 15. Qg4 g5 16. Bd2 h5 17. Qd1 Bxg2 18. Bd5 Bxd5 19. f3 Nxf3+ 20. Nxf3
g4 21. Rf1 Bxf3 22. Qb1 e4 23. Bxf4 exd3+ 24. Kd2 Qe2+ 25. Kc3 Ne4+ 26. Kb3
Nc5+ 27. Kc3 Bg7+ 28. Kb4 Qe4+ 29. c4 Qxf4 30. Ka3 Qxc4 31. Qd1 Kc7 32. Rxf3
Ra8+ 33. Qa4 Qxa4# {White checkmated} 0-1

[Event "GambitGuide"]
[Site "Internet Chess Club"]
[Date "2014.10.31"]
[Round "1"]
[White "JSBach"]
[Black "graccus"]
[Result "1-0"]
[ICCResult "Black resigns"]
[WhiteElo "1791"]
[BlackElo "1350"]
[Opening "Vienna: `Frankenstein-Dracula' variation"]
[ECO "C27"]
[NIC "VG.02"]
[Time "18:25:30"]
[TimeControl "120+12"]

1. e4 e5 2. Nc3 Nf6 3. Bc4 Nxe4 4. Qh5 Nd6 5. Bb3 Nc6 6. Nb5 g6 7. Qf3 f5 8.
Qd5 Qe7 9. Nxc7+ Kd8 10. Nxa8 b6 11. d3 Bb7 12. Nxb6 axb6 13. Qf3 Bg7 14.
Be3 Nd4 15. Qh3 f4 16. Bxd4 exd4+ 17. Kf1 Re8 18. Qxh7 Nf5 19. Qxg6 Ne3+ 20.
fxe3 fxe3 21. Qxb6+ Kc8 22. Nf3 Bxf3 23. gxf3 e2+ 24. Kf2 Qe3+ 25. Ke1 Bh6
26. Qa6+ Kd8 27. Qa8+ Ke7 28. Qe4+ Qxe4 29. fxe4 {Black resigns} 1-0

[Event "GambitGuide"]
[Site "Internet Chess Club"]
[Date "2014.10.31"]
[Round "1"]
[White "JSBach"]
[Black "tazmanfox66"]
[Result "1-0"]
[ICCResult "Black checkmated"]
[WhiteElo "1791"]
[BlackElo "1524"]
[Opening "Vienna: `Frankenstein-Dracula' variation"]
[ECO "C27"]
[NIC "VG.02"]
[Time "18:26:36"]
[TimeControl "120+12"]

1. e4 e5 2. Nc3 Nf6 3. Bc4 Nxe4 4. Qh5 Nd6 5. Bb3 Nc6 6. Nb5 g6 7. Qf3 f5 8.
Qd5 Qe7 9. Nxc7+ Kd8 10. Nxa8 b6 11. d3 Bb7 12. Nxb6 axb6 13. Qf3 Kc7 14.
Bd2 Nd4 15. Qg3 f4 16. Qg4 Qf6 17. Ba4 Bc6 18. Bb3 h5 19. Qh3 g5 20. f3 N6f5
21. Bc3 Ne3 22. Bxd4 exd4 23. a3 g4 24. fxg4 hxg4 25. Qxh8 Nxg2+ 26. Kd2 f3
27. Qxf6 Ne3 28. Qxf8 f2 29. Qf4+ Kb7 30. Ne2 Bxh1 31. Rxh1 Ka7 32. Qxf2 d5
33. Nxd4 Nc4+ 34. dxc4 dxc4 35. Bxc4 b5 36. Nxb5+ Ka6 37. Qa7#
{Black checkmated}
1-0

[Event "GambitGuide"]
[Site "Internet Chess Club"]
[Date "2014.10.31"]
[Round "1"]
[White "JSBach"]
[Black "fearlessone"]
[Result "1-0"]
[ICCResult "Black resigns"]
[WhiteElo "1773"]
[BlackElo "1812"]
[Opening "Vienna: `Frankenstein-Dracula' variation"]
[ECO "C27"]
[NIC "VG.02"]
[Time "18:25:51"]
[TimeControl "120+12"]

1. e4 e5 2. Nc3 Nf6 3. Bc4 Nxe4 4. Qh5 Nd6 5. Bb3 Nc6 6. Nb5 g6 7. Qf3 f5 8.
Qd5 Qe7 9. Nxc7+ Kd8 10. Nxa8 b6 11. d3 Bb7 12. Nxb6 axb6 13. Qf3 Bg7 14.
Be3 h6 15. Bxb6+ Kc8 16. Qd5 e4 17. dxe4 Nxe4 18. O-O-O Nb4 19. Qf7 Qxf7 20.
Bxf7 Nxf2 21. Bxf2 Bxg2 22. Ne2 Bxh1 23. Rxh1 Rf8 24. Bxg6 {Black resigns}
1-0

[Event "GambitGuide"]
[Site "Internet Chess Club"]
[Date "2014.10.31"]
[Round "1"]
[White "JSBach"]
[Black "Drunxican"]
[Result "1-0"]
[ICCResult "Black resigns"]
[WhiteElo "1773"]
[BlackElo "1518"]
[Opening "Vienna: `Frankenstein-Dracula' variation"]
[ECO "C27"]
[NIC "VG.02"]
[Time "18:26:31"]
[TimeControl "120+12"]

1. e4 e5 2. Nc3 Nf6 3. Bc4 Nxe4 4. Qh5 Nd6 5. Bb3 Nc6 6. Nb5 g6 7. Qf3 f5 8.
Qd5 Qe7 9. Nxc7+ Kd8 10. Nxa8 b6 11. d3 Bb7 12. Nxb6 axb6 13. Qf3 Bg7 14.
Qg3 Bf6 15. Ne2 Re8 16. Qe3 f4 17. Qxb6+ Kc8 18. Nc3 e4 19. Nd5 Qd8 20. O-O
Qxb6 21. Nxb6+ Kc7 22. Nd5+ {Black resigns} 1-0

[Event "GambitGuide"]
[Site "Internet Chess Club"]
[Date "2014.10.31"]
[Round "1"]
[White "JSBach"]
[Black "fearlessone"]
[Result "1-0"]
[ICCResult "Black resigns"]
[WhiteElo "1754"]
[BlackElo "1812"]
[Opening "Vienna: `Frankenstein-Dracula' variation"]
[ECO "C27"]
[NIC "VG.02"]
[Time "18:28:42"]
[TimeControl "120+12"]

1. e4 e5 2. Nc3 Nf6 3. Bc4 Nxe4 4. Qh5 Nd6 5. Bb3 Nc6 6. Nb5 g6 7. Qf3 f5 8.
Qd5 Qe7 9. Nxc7+ Kd8 10. Nxa8 b6 11. d3 Bb7 12. Nxb6 axb6 13. Qf3 Bg7 14.
Be3 Nd4 15. Qh3 f4 16. Bxd4 exd4+ 17. Kf1 Nf5 18. Ne2 g5 19. Qxf5
{Black resigns}
1-0

[Event "GambitGuide"]
[Site "Internet Chess Club"]
[Date "2014.10.31"]
[Round "1"]
[White "JSBach"]
[Black "MattP"]
[Result "0-1"]
[ICCResult "White checkmated"]
[WhiteElo "1754"]
[BlackElo "2427"]
[Opening "Vienna: `Frankenstein-Dracula' variation"]
[ECO "C27"]
[NIC "VG.02"]
[Time "18:27:35"]
[TimeControl "120+12"]

1. e4 e5 2. Nc3 Nf6 3. Bc4 Nxe4 4. Qh5 Nd6 5. Bb3 Nc6 6. Nb5 g6 7. Qf3 f5 8.
Qd5 Qe7 9. Nxc7+ Kd8 10. Nxa8 b6 11. d3 Bb7 12. Nxb6 axb6 13. Qf3 Bg7 14.
Be3 Nd4 15. Qh3 e4 16. dxe4 Qxe4 17. O-O-O N6b5 18. Ba4 Bc6 19. c3 Nxc3 20.
bxc3 Bxa4 21. Rd2 Bf8 22. Rb2 Ba3 23. Bg5+ Kc8 24. Kd2 Bxb2 25. cxd4 Re8 26.
Be7 Rxe7 27. Qb3 Bxb3 28. axb3 Qxd4+ 29. Kc2 Qc3+ 30. Kb1 Qc1+ 31. Ka2 Qa1#
{White checkmated}
0-1

[Event "GambitGuide"]
[Site "Internet Chess Club"]
[Date "2014.10.31"]
[Round "1"]
[White "JSBach"]
[Black "ziwenzhou"]
[Result "1-0"]
[ICCResult "Black resigns"]
[WhiteElo "1754"]
[BlackElo "2034"]
[Opening "Vienna: `Frankenstein-Dracula' variation"]
[ECO "C27"]
[NIC "VG.02"]
[Time "18:27:50"]
[TimeControl "120+12"]

1. e4 e5 2. Nc3 Nf6 3. Bc4 Nxe4 4. Qh5 Nd6 5. Bb3 Nc6 6. Nb5 g6 7. Qf3 f5 8.
Qd5 Qe7 9. Nxc7+ Kd8 10. Nxa8 b6 11. d3 Bb7 12. Nxb6 axb6 13. Qf3 Nd4 14.
Qh3 g5 15. Be3 g4 16. Qh5 Bxg2 17. Bg5 Bxh1 18. Bxe7+ Bxe7 19. Kd2 Nf3+ 20.
Nxf3 Bxf3 21. Re1 Bf6 22. Qh6 Ke7 23. Qe3 Rb8 24. c3 e4 25. d4 b5 26. Qh6
Nc4+ 27. Bxc4 bxc4 28. Qxh7+ Ke6 29. d5+ Ke5 30. b4 cxb3 31. axb3 Rxb3 32.
Kc2 Rb5 33. c4 Rc5 34. Qxd7 Rxc4+ 35. Kb3 Kd4 36. Qa7+ Kxd5 37. Qf7+
{Black resigns}
1-0

[Event "GambitGuide"]
[Site "Internet Chess Club"]
[Date "2014.10.31"]
[Round "1"]
[White "JSBach"]
[Black "fearlessone"]
[Result "1-0"]
[ICCResult "Black checkmated"]
[WhiteElo "1741"]
[BlackElo "1812"]
[Opening "Vienna: `Frankenstein-Dracula' variation"]
[ECO "C27"]
[NIC "VG.02"]
[Time "18:29:24"]
[TimeControl "120+12"]

1. e4 e5 2. Nc3 Nf6 3. Bc4 Nxe4 4. Qh5 Nd6 5. Bb3 Nc6 6. Nb5 g6 7. Qf3 f5 8.
Qd5 Qe7 9. Nxc7+ Kd8 10. Nxa8 b6 11. d3 Bb7 12. Nxb6 axb6 13. Qf3 Bg7 14.
Be3 Nd4 15. Qh3 Nxb3 16. Bxb6+ Kc8 17. axb3 e4 18. d4 f4 19. Qc3+ Bc6 20.
Ra8+ Kb7 21. Ra7+ Kxb6 22. Qc5# {Black checkmated} 1-0

[Event "GambitGuide"]
[Site "Internet Chess Club"]
[Date "2014.10.31"]
[Round "1"]
[White "JSBach"]
[Black "ziwenzhou"]
[Result "1-0"]
[ICCResult "Black resigns"]
[WhiteElo "1741"]
[BlackElo "2034"]
[Opening "Vienna: `Frankenstein-Dracula' variation"]
[ECO "C27"]
[NIC "VG.02"]
[Time "18:29:42"]
[TimeControl "120+12"]

1. e4 e5 2. Nc3 Nf6 3. Bc4 Nxe4 4. Qh5 Nd6 5. Bb3 Nc6 6. Nb5 g6 7. Qf3 f5 8.
Qd5 Qe7 9. Nxc7+ Kd8 10. Nxa8 b6 11. d3 Bb7 12. Nxb6 axb6 13. Qf3 e4 14. Qe3
h5 15. Qxb6+ Kc8 16. Ne2 exd3 17. cxd3 Ne5 18. O-O Nxd3 19. Qd4 {Black
resigns} 1-0

[Event "GambitGuide"]
[Site "Internet Chess Club"]
[Date "2014.10.31"]
[Round "1"]
[White "JSBach"]
[Black "tazmanfox66"]
[Result "1-0"]
[ICCResult "Black checkmated"]
[WhiteElo "1759"]
[BlackElo "1524"]
[Opening "Vienna: `Frankenstein-Dracula' variation"]
[ECO "C27"]
[NIC "VG.02"]
[Time "18:28:32"]
[TimeControl "120+12"]

1. e4 e5 2. Nc3 Nf6 3. Bc4 Nxe4 4. Qh5 Nd6 5. Bb3 Nc6 6. Nb5 g6 7. Qf3 f5 8.
Qd5 Qe7 9. Nxc7+ Kd8 10. Nxa8 b6 11. d3 Bg7 12. Nh3 h6 13. Ba4 Bb7 14. Nxb6
axb6 15. Qb3 Kc7 16. Be3 Nc8 17. Qb5 f4 18. Bd2 g5 19. Qc4 Re8 20. Ng1 Nd6
21. Qb3 e4 22. O-O-O e3 23. Be1 Nd4 24. Qc3+ Kb8 25. Qb4 e2 26. Rd2 Nc6 27.
Bxc6 dxc6 28. Rxe2 Qd7 29. Qxb6 Rxe2 30. Nxe2 Nb5 31. a4 Nd6 32. Ba5 Nc8 33.
Qd8 Qe6 34. Qc7+ Ka8 35. Qxg7 Qd5 36. Qc3 Qxg2 37. Re1 Qxf2 38. Nd4 Nd6 39.
Bc7 Ne8 40. Qa5+ Ba6 41. Qxa6# {Black checkmated} 1-0

[Event "GambitGuide"]
[Site "Internet Chess Club"]
[Date "2014.10.31"]
[Round "1"]
[White "JSBach"]
[Black "BostonStrangler"]
[Result "1-0"]
[ICCResult "Black resigns"]
[WhiteElo "1759"]
[BlackElo "2068"]
[Opening "Vienna: `Frankenstein-Dracula' variation"]
[ECO "C27"]
[NIC "VG.02"]
[Time "18:29:28"]
[TimeControl "120+12"]

1. e4 e5 2. Nc3 Nf6 3. Bc4 Nxe4 4. Qh5 Nd6 5. Bb3 Nc6 6. Nb5 g6 7. Qf3 f5 8.
Qd5 Qe7 9. Nxc7+ Kd8 10. Nxa8 b6 11. d3 Bb7 12. Nxb6 axb6 13. Qf3 Nd4 14.
Qh3 e4 15. Be3 exd3 16. O-O-O {Black resigns} 1-0

[Event "GambitGuide"]
[Site "Internet Chess Club"]
[Date "2014.10.31"]
[Round "1"]
[White "JSBach"]
[Black "TitanRivas"]
[Result "1/2-1/2"]
[ICCResult "Game drawn because neither player has mating material"]
[WhiteElo "1759"]
[BlackElo "1771"]
[Opening "Vienna: `Frankenstein-Dracula' variation"]
[ECO "C27"]
[NIC "VG.02"]
[Time "18:28:21"]
[TimeControl "120+12"]

1. e4 e5 2. Nc3 Nf6 3. Bc4 Nxe4 4. Qh5 Nd6 5. Bb3 Nc6 6. Nb5 g6 7. Qf3 f5 8.
Qd5 Qe7 9. Nxc7+ Kd8 10. Nxa8 b6 11. d3 Nb4 12. Bg5 Nxd5 13. Bxe7+ Nxe7 14.
d4 Bb7 15. dxe5 Nb5 16. Nxb6 axb6 17. f3 Nc6 18. Bc4 Nc7 19. e6 Nxe6 20. Rd1
Nc5 21. Rd2 Kc7 22. c3 Ne5 23. Be2 Bh6 24. Rd1 Re8 25. b4 Na4 26. c4 Nc3 27.
Rd4 Nxe2 28. Nxe2 Be3 29. Rh4 h5 30. Kd1 Nd3 31. Rf1 Nxb4 32. Nc3 Bg5 33.
Rd4 Nc6 34. Nd5+ Kb8 35. Rd3 Ne5 36. Re1 Re6 37. Nxb6 Rxb6 38. Rxe5 Bc6 39.
Rb3 Rxb3 40. Re8+ Kc7 41. axb3 Bf4 42. Rg8 Bxh2 43. Rxg6 h4 44. b4 h3 45.
Kc2 hxg2 46. Rxg2 Bd6 47. c5 Be5 48. Rf2 f4 49. Kd3 d6 50. Kc4 dxc5 51. bxc5
Bd7 52. Re2 Bf6 53. Re4 Bg5 54. Kd4 Bc6 55. Re6 Bxf3 56. Rg6 Be7 57. Rg7 Kd8
58. Rf7 Bc6 59. Rxf4 Kd7 60. Rf7 Bg2 61. c6+ Bxc6 62. Rxe7+ Kxe7
{Game drawn because neither player has mating material}
1/2-1/2

[Event "GambitGuide"]
[Site "Internet Chess Club"]
[Date "2014.10.31"]
[Round "1"]
[White "JSBach"]
[Black "tazmanfox66"]
[Result "1-0"]
[ICCResult "Black resigns"]
[WhiteElo "1759"]
[BlackElo "1524"]
[Opening "Vienna: `Frankenstein-Dracula' variation"]
[ECO "C27"]
[NIC "VG.02"]
[Time "18:30:38"]
[TimeControl "120+12"]

1. e4 e5 2. Nc3 Nf6 3. Bc4 Nxe4 4. Qh5 Nd6 5. Bb3 Nc6 6. Nb5 g6 7. Qf3 f5 8.
Qd5 Qe7 9. Nxc7+ Kd8 10. Nxa8 b6 11. d3 Qe6 12. Qxe6 dxe6 13. Bg5+ Kd7 14.
Bf6 Rg8 15. Bc4 Bg7 16. Bxg7 Rxg7 17. g4 Nxc4 18. dxc4 Bb7 19. Nxb6+ axb6
20. gxf5 exf5 21. Nf3 e4 22. Rd1+ Ke6 23. Ng5+ Kf6 24. h4 h6 25. Rd6+ Ke5
26. Re6+ Kf4 27. Rxc6 Bxc6 28. Ne6+ Kg4 29. Nxg7 e3 30. Rg1+ Kxh4 31. Rxg6
exf2+ 32. Kxf2 f4 33. Rxc6 {Black resigns} 1-0

[Event "GambitGuide"]
[Site "Internet Chess Club"]
[Date "2014.10.31"]
[Round "1"]
[White "JSBach"]
[Black "KingNine"]
[Result "1-0"]
[ICCResult "Black resigns"]
[WhiteElo "1762"]
[BlackElo "1083"]
[Opening "Vienna: `Frankenstein-Dracula' variation"]
[ECO "C27"]
[NIC "VG.02"]
[Time "18:25:41"]
[TimeControl "120+12"]

1. e4 e5 2. Nc3 Nf6 3. Bc4 Nxe4 4. Qh5 Nd6 5. Bb3 Nc6 6. Nb5 g6 7. Qf3 f5 8.
Qd5 Qe7 9. Nxc7+ Kd8 10. Nxa8 b6 11. d3 Bb7 12. Nxb6 axb6 13. Qf3 Nd4 14.
Qg3 Nxb3 15. axb3 Bg7 16. Bg5 Bf6 17. Be3 f4 18. Bxb6+ Ke8 19. Qg4 Kf7 20.
b4 Ra8 21. Rxa8 Bxa8 22. Nf3 Nf5 23. Bc5 Qd8 24. Rg1 d6 25. Qh3 dxc5 26.
Qxh7+ Bg7 27. Nxe5+ Kf6 28. g4 Nh6 29. Qxg6+ Kxe5 30. Qxg7+ Qf6 31. Qxf6+
Kxf6 32. g5+ {Black resigns} 1-0

[Event "GambitGuide"]
[Site "Internet Chess Club"]
[Date "2014.10.31"]
[Round "1"]
[White "JSBach"]
[Black "Rude-Dude"]
[Result "1-0"]
[ICCResult "Black resigns"]
[WhiteElo "1762"]
[BlackElo "1284"]
[Opening "Vienna: `Frankenstein-Dracula' variation"]
[ECO "C27"]
[NIC "VG.02"]
[Time "18:29:06"]
[TimeControl "120+12"]

1. e4 e5 2. Nc3 Nf6 3. Bc4 Nxe4 4. Qh5 Nd6 5. Bb3 Nc6 6. Nb5 g6 7. Qf3 f5 8.
Qd5 Qe7 9. Nxc7+ Kd8 10. Nxa8 b6 11. d3 Nb4 12. Qf3 e4 13. dxe4 Nxe4 14. Be3
Bb7 15. Nxb6 axb6 16. Qf4 Qd6 17. Qxd6 Bxd6 18. Bxb6+ Kc8 19. Bd4 Re8 20.
Ne2 Bd5 21. Rc1 Ng5 22. Bxd5 Nxd5 23. h4 Ne4 24. a4 Kb7 25. c4 Nb4 26. Rh3
Nd3+ 27. Rxd3 Bb4+ 28. Kd1 Nc5 29. Bxc5 Bxc5 30. Rxd7+ Kc6 31. Rxh7 Bxf2 32.
b4 Be3 33. b5+ Kc5 34. Rc7+ Kd6 35. Rc6+ Kd7 36. Rc3 f4 37. Rd3+ Ke7 38.
Rxg6 Rd8 39. Rxd8 Kxd8 40. Rg4 {Black resigns} 1-0

[Event "GambitGuide"]
[Site "Internet Chess Club"]
[Date "2014.10.31"]
[Round "1"]
[White "JSBach"]
[Black "ziwenzhou"]
[Result "0-1"]
[ICCResult "White checkmated"]
[WhiteElo "1746"]
[BlackElo "2034"]
[Opening "Vienna: `Frankenstein-Dracula' variation"]
[ECO "C27"]
[NIC "VG.02"]
[Time "18:30:24"]
[TimeControl "120+12"]

1. e4 e5 2. Nc3 Nf6 3. Bc4 Nxe4 4. Qh5 Nd6 5. Bb3 Nc6 6. Nb5 g6 7. Qf3 f5 8.
Qd5 Qe7 9. Nxc7+ Kd8 10. Nxa8 b6 11. d3 Bb7 12. Nxb6 axb6 13. Qf3 Nd4 14.
Qg3 f4 15. Qg4 g5 16. Bd2 h5 17. Qd1 Bxg2 18. c3 Nc6 19. Bd5 Bxd5 20. f3 g4
21. Qe2 h4 22. Qf2 g3 23. Qxb6+ Kc8 24. Qa6+ Nb7 25. Qa8+ Kc7 26. hxg3 Bg7
27. Qa6 hxg3 28. Rxh8 Bxh8 29. Qa8 Qh4 30. c4 g2+ 31. Kd1 Qh1 32. Be1 Qxg1
33. cxd5 Nd4 34. Rc1+ Kb6 35. Qxh8 Nxf3 36. Qf6+ d6 37. Rc6+ Ka7 38. Rc1
Qxe1+ 39. Kc2 Qxc1+ 40. Kxc1 g1=Q+ 41. Kc2 Nd4+ 42. Kd2 Qf2+ 43. Kd1 Qe2+
44. Kc1 Qc2# {White checkmated} 0-1

[Event "GambitGuide"]
[Site "Internet Chess Club"]
[Date "2014.10.31"]
[Round "1"]
[White "JSBach"]
[Black "Drunxican"]
[Result "1-0"]
[ICCResult "Black resigns"]
[WhiteElo "1746"]
[BlackElo "1518"]
[Opening "Vienna: `Frankenstein-Dracula' variation"]
[ECO "C27"]
[NIC "VG.02"]
[Time "18:29:10"]
[TimeControl "120+12"]

1. e4 e5 2. Nc3 Nf6 3. Bc4 Nxe4 4. Qh5 Nd6 5. Bb3 Nc6 6. Nb5 g6 7. Qf3 f5 8.
Qd5 Qe7 9. Nxc7+ Kd8 10. Nxa8 b6 11. d3 Bb7 12. Nxb6 axb6 13. Qf3 Kc7 14.
Be3 Nd4 15. Qh3 g5 16. Bxd4 exd4+ 17. Ne2 h5 18. Kd1 f4 19. f3 Qe3 20. Re1
Qe5 21. Ng3 Qc5 22. Nxh5 Nf5 23. Kc1 Ne3 24. Re2 d5 25. Qe6 Rxh5 26. Qf7+
Kb8 27. Qxh5 Ba6 28. Qxg5 Bxd3 29. Rd2 Bc4 30. Qxf4+ Kb7 31. Bxc4 dxc4 32.
Qxd4 {Black resigns} 1-0

[Event "GambitGuide"]
[Site "Internet Chess Club"]
[Date "2014.10.31"]
[Round "1"]
[White "JSBach"]
[Black "MattP"]
[Result "0-1"]
[ICCResult "White checkmated"]
[WhiteElo "1746"]
[BlackElo "2427"]
[Opening "Vienna: `Frankenstein-Dracula' variation"]
[ECO "C27"]
[NIC "VG.02"]
[Time "18:29:37"]
[TimeControl "120+12"]

1. e4 e5 2. Nc3 Nf6 3. Bc4 Nxe4 4. Qh5 Nd6 5. Bb3 Nc6 6. Nb5 g6 7. Qf3 f5 8.
Qd5 Qe7 9. Nxc7+ Kd8 10. Nxa8 b6 11. d3 Bb7 12. Nxb6 axb6 13. Qf3 e4 14. Qe3
Bg7 15. Qxb6+ Kc8 16. Ne2 exd3 17. cxd3 Re8 18. Be3 f4 19. Nxf4 Bd4 20. Nd5
Bxb6 21. Nxe7+ Rxe7 22. Kd2 Ba5+ 23. Ke2 Nd4+ 24. Kf1 N6f5 25. Rc1+ Kb8 26.
Bf4+ Ka8 27. Bg8 h6 28. a4 g5 29. Bc7 Ne2 30. Rc5 Bxc7 31. Rxf5 Nd4 32. Rf7
Re8 33. Rxd7 Bb6 34. Bf7 Rc8 35. Bc4 Rf8 36. Rh7 Nc2 37. Rf7 Re8 38. Be6
Rxe6 39. Re7 Rxe7 40. h4 Re1# {White checkmated} 0-1

[Event "GambitGuide"]
[Site "Internet Chess Club"]
[Date "2014.10.31"]
[Round "1"]
[White "JSBach"]
[Black "tazmanfox66"]
[Result "1-0"]
[ICCResult "Black resigns"]
[WhiteElo "1746"]
[BlackElo "1524"]
[Opening "Vienna: `Frankenstein-Dracula' variation"]
[ECO "C27"]
[NIC "VG.02"]
[Time "18:31:32"]
[TimeControl "120+12"]

1. e4 e5 2. Nc3 Nf6 3. Bc4 Nxe4 4. Qh5 Nd6 5. Bb3 Nc6 6. Nb5 g6 7. Qf3 f5 8.
Qd5 Qe7 9. Nxc7+ Kd8 10. Nxa8 b6 11. d3 Bb7 12. Nxb6 axb6 13. Qf3 Kc7 14.
Bd2 Nd4 15. Qg3 e4 16. Bg5 Qg7 17. Rc1 Nxb3 18. cxb3+ Kb8 19. Bf4 Qf6 20.
Be5 Qe6 21. Bxh8 exd3+ 22. Kd1 Bh6 23. Be5 Bxc1 24. Kxc1 d2+ 25. Kxd2 Qd5+
26. Kc1 Kc7 27. Ne2 Qc5+ 28. Nc3 b5 29. Bxd6+ Qxd6 30. Nxb5+ Kd8 31. Nxd6
Bd5 32. Rd1 Be6 33. Qh4+ Kc7 34. Qxh7 f4 35. Qxg6 {Black resigns} 1-0

[Event "GambitGuide"]
[Site "Internet Chess Club"]
[Date "2014.10.31"]
[Round "1"]
[White "JSBach"]
[Black "nsideurheadbro"]
[Result "0-1"]
[ICCResult "White checkmated"]
[WhiteElo "1747"]
[BlackElo "1184"]
[Opening "Vienna: `Frankenstein-Dracula' variation"]
[ECO "C27"]
[NIC "VG.02"]
[Time "18:28:18"]
[TimeControl "120+12"]

1. e4 e5 2. Nc3 Nf6 3. Bc4 Nxe4 4. Qh5 Nd6 5. Bb3 Nc6 6. Nb5 g6 7. Qf3 f5 8.
Qd5 Qe7 9. Nxc7+ Kd8 10. Nxa8 b6 11. d3 Bb7 12. Nxb6 axb6 13. Qf3 Nd4 14.
Qg3 f4 15. Qg4 g5 16. Ba4 h5 17. Qd1 Bxg2 18. c3 N4f5 19. Qb3 Kc7 20. Bxd7
Qxd7 21. Nf3 Bxf3 22. Rg1 g4 23. Qc2 Kb7 24. Rf1 Bg7 25. Bd2 Rc8 26. Qb3 e4
27. Qd5+ Rc6 28. Bxf4 exd3 29. Qxd3 Qe6+ 30. Kd2 Nc4+ 31. Kc2 Be4 32. Bc1
Bxd3+ 33. Kxd3 Rd6+ 34. Kc2 Qe2+ 35. Kb3 Na5+ 36. Ka3 Bf8 37. Bh6 Bxh6 38.
Rae1 Qc4 39. Rb1 Bf8 40. b4 Rd3 41. Rfc1 Rxc3+ 42. Kb2 Rxc1 43. Rxc1 Qxb4+
44. Kc2 Nd4+ 45. Kd3 Ndc6 46. Rd1 Qd4+ 47. Ke2 Qe4+ 48. Kf1 Nd4 49. Kg1 Bc5
50. h4 g3 51. Rxd4 Bxd4 52. a4 Bxf2+ 53. Kf1 Qh1+ 54. Ke2 Bc5 55. Kd3 g2 56.
Kc3 g1=Q 57. Kc2 Qxh4 58. Kd2 Qgg3 59. Ke2 Qhh2+ 60. Kd1 Qgg1#
{White checkmated}
0-1

[Event "GambitGuide"]
[Site "Internet Chess Club"]
[Date "2014.10.31"]
[Round "1"]
[White "JSBach"]
[Black "Drunxican"]
[Result "1-0"]
[ICCResult "Black resigns"]
[WhiteElo "1747"]
[BlackElo "1518"]
[Opening "Vienna: `Frankenstein-Dracula' variation"]
[ECO "C27"]
[NIC "VG.02"]
[Time "18:32:29"]
[TimeControl "120+12"]

1. e4 e5 2. Nc3 Nf6 3. Bc4 Nxe4 4. Qh5 Nd6 5. Bb3 Nc6 6. Nb5 g6 7. Qf3 f5 8.
Qd5 Qe7 9. Nxc7+ Kd8 10. Nxa8 b6 11. d3 Bb7 12. Nxb6 axb6 13. Qf3 e4 14.
dxe4 Nxe4 15. Be3 Bg7 16. Bxb6+ Kc8 17. Qe3 Ne5 18. Rd1 Ng4 19. Qe2 Qb4+ 20.
c3 Qxb6 21. Nh3 Re8 22. Bf7 Re7 23. Bg8 Bf6 24. O-O Nexf2 25. Qc4+ Kb8 26.
Nxf2 Nxf2 27. Rxf2 {Black resigns} 1-0

[Event "GambitGuide"]
[Site "Internet Chess Club"]
[Date "2014.10.31"]
[Round "1"]
[White "JSBach"]
[Black "fearlessone"]
[Result "1/2-1/2"]
[ICCResult "Game drawn by repetition"]
[WhiteElo "1747"]
[BlackElo "1812"]
[Opening "Vienna: `Frankenstein-Dracula' variation"]
[ECO "C27"]
[NIC "VG.02"]
[Time "18:30:03"]
[TimeControl "120+12"]

1. e4 e5 2. Nc3 Nf6 3. Bc4 Nxe4 4. Qh5 Nd6 5. Bb3 Nc6 6. Nb5 g6 7. Qf3 f5 8.
Qd5 Qe7 9. Nxc7+ Kd8 10. Nxa8 b6 11. d3 Bb7 12. Nxb6 axb6 13. Qf3 Nd4 14.
Qg3 Bg7 15. Bg5 Bf6 16. Bxf6 Qxf6 17. Ba4 b5 18. Bb3 Re8 19. c3 Nxb3 20.
axb3 f4 21. Qh3 e4 22. d4 e3 23. Nf3 exf2+ 24. Kxf2 Ne4+ 25. Kg1 Ng5 26.
Nxg5 Qxg5 27. Rf1 Re2 28. Rf2 f3 29. Rxe2 fxe2 30. Kf2 Qd2 31. Re1 b4 32.
Rxe2 Qf4+ 33. Ke1 bxc3 34. bxc3 Qc1+ 35. Kf2 Qf4+ 36. Ke1 Qc1+ 37. Kf2 Qf4+
38. Kg1 Qc1+ 39. Kf2 Qf4+ 40. Kg1 Qc1+ 41. Kf2 Qf4+ 42. Kg1 Qc1+ 43. Kf2
Qf4+ 44. Kg1 {Game drawn by repetition} 1/2-1/2